 Dungeon Crawl Stone Soup version 0.32-a0-913-g739538afd8 (webtiles) character file.

Game seed: 12143954917905726410

65756 jlumianski the Severer (level 15, 0/120 HPs)
             Began as a Coglin Gladiator on Apr 9, 2024.
             Was a High Priest of Wu Jian.
             Slain by a skyshark (7 damage)
             ... on level 4 of the Lair of Beasts.
             The game lasted 02:51:55 (26036 turns).

jlumianski the Severer (Coglin Gladiator)          Turns: 26036, Time: 02:51:55

Health: 0/120      AC: 29    Str: 21    XL:     15   Next: 17%
Magic:  15/15      EV:  7    Int: 17    God:    Wu Jian [*****.]
Gold:   828        SH:  0    Dex: 16    Spells: 14/14 levels left

rFire   + . .        B - +0 broad axe {Fatehjeet}
rCold   + + .        c - +9 short sword "Zuig Wekh" {pain, *Corrode rPois Will+}
rNeg    . . .        i - +2 plate armour {rC+}
rPois   +            q - +4 helmet of Resonance {Fly Int+4}
rElec   .            Q - +2 cloak {rPois}
rCorr   .            P - +0 pair of gloves "Waklasipt" {rC+ Int+5}
SInv    .            H - +0 pair of boots
Will    +++..        (amulet unavailable) Stlth
                     (ring unavailable)
HPRegen 0.40/turn    (ring unavailable)
MPRegen 0.14/turn    k - megaactuated ramjet {AutoDazzle, rF+ Will+}

%: corrode self (3%)
@: flying, revved
A: off-hand wielding, slow wielding, warmup strikes, no jewellery
a: Renounce Religion, Wall Jump, Serpent's Lash, Heavenly Storm


You were on level 4 of the Lair of Beasts.
You worshipped Wu Jian.
Wu Jian was extremely pleased with you.
You visited 4 branches of the dungeon, and saw 22 of its levels.
You also visited: Sewer.

You collected 2066 gold pieces.
You spent 1238 gold pieces at shops.

Inventory:

Hand Weapons
 c - the +9 short sword "Zuig Wekh" (offhand) {pain, *Corrode rPois Will+}
   (You bought it in a shop on level 11 of the Dungeon)

   rPois:     It protects you from poison.
   Will+:     It increases your willpower.
   *Corrode:  It may corrode you when you take damage.
 m - a +2 rapier of draining {Shu}
 B - a +0 broad axe (weapon) {Fatehjeet}
 U - a +0 scimitar of flaming
Missiles
 d - 2 throwing nets
 e - 16 javelins
 f - 4 curare-tipped darts
 l - 4 atropa-tipped darts
 J - 32 poisoned darts (quivered)
 L - 18 boomerangs
Armour
 i - a +2 plate armour of cold resistance (worn)
 q - the +4 helmet of Resonance (worn) {Fly Int+4}
   (You took it off Robin on level 3 of the Dungeon)

   Int+4:     It affects your intelligence (+4).
   Fly:       It grants you flight.
 C - a scarf of shadows
 G - a +1 pair of gloves
 H - a +0 pair of boots (worn)
 P - the +0 pair of gloves "Waklasipt" (worn) {rC+ Int+5}
   (You found it on level 4 of the Lair of Beasts)

   Int+5:     It affects your intelligence (+5).
   rC+:       It protects you from cold.
 Q - a +2 cloak of poison resistance (worn)
Gizmo
 k - a megaactuated ramjet (installed) {AutoDazzle, rF+ Will+}
   (You invented it yourself on level 2 of the Lair of Beasts)

   [megaactuated ramjet]

   AutoDazzle: It sometimes fires a blinding ray at enemies whose attacks you
   dodge.
   rF+:       It protects you from fire.
   Will+:     It increases your willpower.
Wands
 b - a wand of mindburst (6)
 z - a wand of acid (10)
 F - a wand of warping (25)
 K - a wand of paralysis (25)
 M - a wand of flame (51)
 O - a wand of digging (16)
Scrolls
 a - 5 scrolls of identify
 j - 2 scrolls of silence
 n - 2 scrolls of fog
 p - 4 scrolls of poison
 s - 2 scrolls of revelation
 t - 4 scrolls of blinking
 v - 7 scrolls of teleportation
 w - 2 scrolls of summoning
 y - 6 scrolls of fear
 R - a scroll of immolation
Potions
 g - 3 potions of lignification
 h - 3 potions of haste
 o - a potion of ambrosia
 r - a potion of attraction
 u - 4 potions of resistance
 x - a potion of heal wounds
 A - 2 potions of might
 D - a potion of berserk rage
 E - a potion of brilliance
 N - 3 potions of curing
 S - a potion of mutation
Miscellaneous
 I - a condenser vane


   Skills:
 + Level 12.0 Fighting
 + Level 10.9 Short Blades
 + Level 15.4 Axes
 + Level 3.3 Throwing
 + Level 11.0 Armour
 + Level 4.3 Dodging
 - Level 0.1 Stealth
 * Level 2.6 Necromancy
 - Level 7.6 Evocations


You had 14 spell levels left.
You didn't know any spells.
Your spell library contained the following spells:

 Spells                   Type           Power      Damage    Failure   Level
 Kiss of Death            Conj/Necr      16%        2d6       89%         1
 Magic Dart               Conj           0%         1d3       97%         1
 Fugue of the Fallen      Necr           8%         N/A       98%         3
 Blink                    Tloc           0%         N/A       99%         2
 Call Imp                 Summ           0%         N/A       99%         2
 Jinxbite                 Hex            0%         N/A       99%         2
 Lesser Beckoning         Tloc           0%         N/A       99%         2
 Momentum Strike          Conj/Tloc      0%         3d8       99%         2
 Searing Ray              Conj           0%         2d4       99%         2
 Static Discharge         Conj/Air       0%         3-3/arc   99%         2
 Confusing Touch          Hex            0%         N/A       100%        3
 Dazzling Flash           Conj/Hex       0%         N/A       100%        3
 Maxwell's Portable Pile  Tloc           0%         2d(5-13)  100%        3
 Mephitic Cloud           Conj/Alch/Air  0%         N/A       100%        3
 Ozocubu's Armour         Ice            0%         N/A       100%        3
 Teleport Other           Tloc           0%         N/A       100%        3
 Tukima's Dance           Hex            0%         N/A       100%        3
 Dispel Undead            Necr           8%         3d8       100%        4
 Fulminant Prism          Conj/Alch      0%         3d5       100%        4
 Passage of Golubria      Tloc           0%         N/A       100%        4
 Curse of Agony           Necr           8%         N/A       100%        5
 Silence                  Hex/Air        0%         N/A       100%        5
 Yara's Violent Unravell  Hex/Alch       0%         3d3       100%        5
 Plasma Beam              Fire/Air       0%         2x1d10    100%        6
 Enfeeble                 Hex            0%         N/A       100%        7
 Manifold Assault         Tloc           0%         N/A       100%        7
 Lehudib's Crystal Spear  Conj/Erth      0%         10d2      100%        8


Dungeon Overview and Level Annotations

Branches:
Dungeon (14/15)            Temple (1/1) D:4            Lair (5/5) D:8
  Swamp (0/4) Lair:2        Snake (0/4) Lair:3        Slime (0/5) Lair:4
    Orc (2/2) D:9             Elf (0/3) Orc:2         Sewer (visited)
 Vaults: D:13-14

Altars:
Ashenzari
Cheibriados
Dithmenos
Elyvilon
Fedhas
Gozag
Hepliaklqana
Kikubaaqudgha
Makhleb
Nemelex Xobeh
Okawaru
Qazlal
Ru
Sif Muna
Trog
Uskayaw
Vehumet
Wu Jian
Xom
Yredelemnul
Zin
The Shining One
Beogh
Jiyva

Shops:
D:2 :*   D:8 *   D:9 :   D:11 [[(((   Orc:1 *!(   Orc:2 [=*(


Innate Abilities, Weirdness & Mutations

You can wield a second weapon in your off-hand.
It takes a long time for you to wield or remove held weapons.
Your first few attacks do less damage.
You cannot equip rings or amulets.


Message History

The skyshark tail-slaps you.
* * * LOW HITPOINT WARNING * * *
The skyshark barely misses you.
The skyshark tail-slaps you but does no damage.
The skyshark barely misses you.
You spin and attack the skyshark repeatedly.
You barely miss the skyshark with the +9 short sword "Zuig Wekh".
The skyshark is severely wounded.
You hit the skyshark with your +0 broad axe.
You hit the skyshark with the +9 short sword "Zuig Wekh".
The skyshark writhes in agony.
The skyshark is severely wounded.
You hit the skyshark with your +0 broad axe.
The skyshark bites you!
* * * LOW HITPOINT WARNING * * *
The skyshark tail-slaps you but does no damage.
The skyshark barely misses you.
Press: ? - help, v - describe, . - travel
Here: a skyshark (almost dead, berserk)
The floor, spattered with blood.
Aiming: Corrosive Bolt
Press: ? - help, Shift-Dir - straight line, f - skyshark
Aim: a skyshark (almost dead, berserk, 81% to hit)
The bolt of acid hits the skyshark!
The acid corrodes the skyshark!
The skyshark is almost dead.
The skyshark barely misses you.
The skyshark tail-slaps you but does no damage. x2
The skyshark bites you!
* * * LOW HITPOINT WARNING * * *
The skyshark barely misses you.
The skyshark tail-slaps you but does no damage.
Press: ? - help, v - describe, . - travel
Here: a skyshark (almost dead, berserk, covered in acid)
The floor, spattered with blood.
Unknown command.
You closely miss the skyshark with your +0 broad axe.
The skyshark is almost dead.
You closely miss the skyshark with the +9 short sword "Zuig Wekh".
The skyshark barely misses you. The skyshark tail-slaps you!
You die...

.........................#......#
..........#.....................#
....................#............
##....#.............#............
.......#.............#........##.
...#.......#.............##...# .
..###....###.............###... P
### ###### ############# #♣.
#..@'....# #..F#....# #...#....#
#...#....# #####''### ♣♣♣
♣♣♣♣♣..♣ ...♣ ♣♣......♣ ♣..♣
♣♣..♣...♣.♣ ♣♣..♣#♣..♣♣♣..♣♣♣


You could see a skyshark (berserk, corroded).

Vanquished Creatures
  Gastronok (Lair:1)
  Kirke (Lair:4)
  2 orc warlords
  Fannar (Lair:1)
  A catoblepas (Lair:1)
  4 centaur warriors
  A death knight (D:11)
  7 two-headed ogres
  An ogre mage (D:11)
  A boulder beetle (D:11)
  2 tengu warriors (D:11)
  Urug (Lair:4)
  The ghost of Sun Gecaam the Eclecticist, a journeyman DEHW of Vehumet (D:12)
  3 death yaks (Lair:4)
  A naga warrior (D:12)
  An orc high priest (Orc:1)
  Nergalle (D:10)
  A deep elf knight (D:11)
  3 skysharks (Lair:4)
  2 bog bodies (Lair:2)
  Pikel (D:7)
  A lindwurm (Lair:4)
  3 orc knights
  A necromancer (D:9)
  2 ugly things
  2 orc sorcerers (Orc:2)
  4 cyclopes
  A manticore (D:11)
  Maurice (D:9)
  12 elephants
  4 black mambas
  3 kobold blastminers (Orc:2)
  2 gargoyles (D:11)
  11 cane toads
  2 unseen horrors (D:11)
  3 kobold demonologists (D:11)
  Jeremiah (D:8)
  2 efreet
  A rime drake (D:8)
  4 komodo dragons
  5 trolls
  2 hornets
  3 blink frogs (Lair:3)
  Sigmund (D:2)
  A spriggan (Lair:2)
  2 shadows (D:11)
  3 wyverns
  28 yaks
  3 vampires (D:11)
  6 hogs (Lair:4)
  2 wraiths
  5 basilisks
  6 wargs
  4 vampire mosquitoes (D:12)
  Edmund (D:6)
  3 nagas (Lair:3)
  2 acid dragons (D:11)
  8 water moccasins
  26 orc warriors
  2 sky beasts
  4 black bears
  A crocodile (Sewer)
  2 ice beasts
  13 ogres
  9 wolves
  3 lemures (D:7)
  7 centaurs
  2 phantoms (D:6)
  6 kobold brigands
  15 bullfrogs
  4 gnoll sergeants
  A scorpion (D:6)
  13 wights
  10 killer bees
  An oklob sapling (D:4)
  2 electric eels (Lair:2)
  12 howler monkeys
  3 gnoll boudas
  9 hounds
  27 orc priests
  3 iguanas
  A sleepcap (D:7)
  Natasha (twice) (D:2)
  31 orc wizards
  5 yak simulacra (D:10)
  2 polar bear simulacra (D:10)
  3 wolf simulacra (D:10)
  Robin (D:3)
  8 adders
  31 gnolls
  3 river rats (D:3)
  A shadow imp (D:6)
  A white imp (D:6)
  2 ufetubi (D:5)
  A dart slug (D:2)
  60 orcs
  2 endoplasms (D:1)
  2 giant cockroaches
  10 hobgoblins
  11 jackals
  3 quokkas
  5 ball pythons
  9 bats
  2 frilled lizards
  12 goblins
  11 kobolds
  9 rats
  A river rat simulacrum (D:10)
586 creatures vanquished.

Vanquished Creatures (others)
  An orc wizard (Orc:2)
  An orc (Orc:2)
2 creatures vanquished.

Grand Total: 588 creatures vanquished

Notes
Turn   | Place    | Note
-------+----------+-------------------------------------------
     0 | D:1      | jlumianski the Coglin Gladiator began the quest for the
                  | Orb.
     0 | D:1      | Reached XP level 1. HP: 16/16 MP: 1/1
   220 | D:1      | Reached XP level 2. HP: 21/22 MP: 2/2
   374 | D:2      | Noticed Natasha
   374 | D:2      | Found Avu Yg Dywe's General Store.
   888 | D:1      | Reached XP level 3. HP: 27/27 MP: 3/3
  1182 | D:2      | Reached skill level 4 in Axes
  1184 | D:2      | Reached XP level 4. HP: 22/34 MP: 4/4
  1240 | D:3      | Identified the +4 helmet of Resonance {Fly Int+4}
  1240 | D:3      | Noticed Robin
  1284 | D:4      | Reached skill level 1 in Short Blades
  1373 | D:4      | Reached skill level 1 in Armour
  1378 | D:3      | Found a faded altar of an unknown god.
  1382 | D:3      | Reached XP level 5. HP: 17/39 MP: 5/5
  1388 | D:3      | Killed Robin
  1657 | D:3      | Found a glowing drain.
  1663 | Sewer    | Entered a sewer
  1764 | Sewer    | Noticed a crocodile
  1773 | Sewer    | Killed a crocodile
  1774 | Sewer    | Reached XP level 6. HP: 40/46 MP: 6/6
  1978 | D:2      | Noticed Sigmund
  1981 | D:2      | Killed Natasha
  1982 | D:2      | Reached skill level 5 in Axes
  1988 | D:2      | Killed Sigmund
  1989 | D:2      | Reached XP level 7. HP: 30/52 MP: 7/7
  2042 | D:2      | Bought a potion of heal wounds for 65 gold pieces
  2042 | D:2      | Bought a potion of curing for 39 gold pieces
  2296 | D:2      | Found Nuprem's Book Emporium.
  2550 | D:2      | Noticed Natasha
  2562 | D:2      | Killed Natasha
  2745 | D:3      | Found a white marble altar of Elyvilon.
  3107 | D:5      | Entered Level 5 of the Dungeon
  3379 | D:4      | Reached skill level 6 in Axes
  3429 | D:4      | Found a burning altar of Makhleb.
  3759 | D:5      | Reached XP level 8. HP: 60/60 MP: 8/8
  4023 | D:4      | Found a staircase to the Ecumenical Temple.
  4284 | Temple   | Entered the Ecumenical Temple
  4548 | D:5      | Found a hide-covered altar of Uskayaw.
  5022 | D:5      | Found an ancient bone altar of Kikubaaqudgha.
  5022 | D:5      | Found a radiant altar of Vehumet.
  5034 | D:5      | Reached skill level 5 in Fighting
  5039 | D:5      | Reached skill level 7 in Axes
  5063 | D:5      | Found a shimmering blue altar of Sif Muna.
  5151 | D:5      | Found an opulent altar of Gozag.
  5158 | D:5      | Found a sacrificial altar of Ru.
  5281 | D:6      | Noticed Edmund
  5294 | D:6      | Reached XP level 9. HP: 40/68 MP: 9/9
  5307 | D:6      | Killed Edmund
  5508 | D:6      | Found a broken altar of Ashenzari.
  5668 | D:6      | Reached skill level 5 in Short Blades
  5668 | D:6      | Reached skill level 8 in Axes
  6029 | D:6      | Reached skill level 5 in Armour
  6375 | D:6      | Noticed a two-headed ogre
  6391 | D:6      | Killed a two-headed ogre
  6392 | D:6      | Reached skill level 9 in Axes
  6392 | D:6      | Reached XP level 10. HP: 25/76 MP: 10/10
  7600 | D:7      | Found a bloodstained altar of Trog.
  7704 | D:7      | Found a shadowy altar of Dithmenos.
  7817 | D:7      | Noticed Pikel
  7848 | D:7      | Killed Pikel
  7883 | D:7      | Reached skill level 10 in Axes
  8007 | D:8      | Noticed Jeremiah
  8593 | D:8      | Found a staircase to the Lair.
  8602 | D:8      | Reached XP level 11. HP: 81/83 MP: 11/11
  8802 | D:8      | Found a blossoming altar of Fedhas.
  8819 | D:8      | Killed Jeremiah
  8899 | D:8      | Noticed a two-headed ogre
  8918 | D:8      | Killed a two-headed ogre
  9103 | D:8      | Found Atudeof's Serpentskin Sales.
  9129 | D:8      | Bought 3 curare-tipped darts for 46 gold pieces
  9129 | D:8      | Bought 6 poisoned darts for 46 gold pieces
  9315 | D:8      | Noticed a two-headed ogre
  9327 | D:8      | Killed a two-headed ogre
 10298 | D:8      | Found an ornate altar of the Wu Jian Council.
 10313 | D:8      | Became a worshipper of the Wu Jian Council
 10501 | D:10     | Entered Level 10 of the Dungeon
 10501 | D:10     | Noticed Nergalle
 10521 | D:10     | Killed Nergalle
 10522 | D:10     | Reached skill level 1 in Evocations
 10716 | D:9      | Found Kyafi's Book Shop.
 10950 | D:10     | Found a stormy altar of Qazlal.
 11142 | D:9      | Found a staircase to the Orcish Mines.
 11165 | Orc:1    | Entered Level 1 of the Orcish Mines
 11283 | Orc:1    | Noticed an orc warlord
 11378 | D:9      | Reached * piety under Wu Jian
 11430 | D:9      | Noticed Maurice
 11440 | D:9      | Killed Maurice
 11778 | D:10     | Noticed a necromancer
 11847 | D:9      | Reached skill level 11 in Axes
 11858 | D:9      | Killed a necromancer
 11970 | D:10     | Reached XP level 12. HP: 84/92 MP: 12/12
 12616 | D:11     | Found Gakat's Antique Armour Emporium.
 12625 | D:11     | Bought a pair of gloves for 130 gold pieces
 12625 | D:11     | Bought a heavily runed ring mail for 261 gold pieces
 12625 | D:11     | Identified the +0 ring mail of Light {Str+2} (You bought it
                  | in a shop on level 11 of the Dungeon)
 12667 | D:11     | Found Ikimog's Antique Weapon Shoppe.
 12747 | D:11     | Found Onuefo's Antique Weapon Emporium.
 12857 | D:11     | Found Uklo Jaudas's Weapon Shop.
 13033 | D:11     | Noticed a two-headed ogre
 13041 | D:11     | Killed a two-headed ogre
 13100 | D:11     | Found Efowuv's Armour Shop.
 14005 | D:11     | Noticed a two-headed ogre
 14028 | D:11     | Killed a two-headed ogre
 14029 | D:11     | Reached skill level 12 in Axes
 14031 | D:11     | Reached ** piety under Wu Jian
 14250 | D:11     | Noticed a two-headed ogre
 14260 | D:11     | Killed a two-headed ogre
 14332 | D:11     | Noticed a boulder beetle
 14347 | D:11     | Killed a boulder beetle
 14583 | D:11     | Noticed an ogre mage
 14583 | D:11     | Noticed a death knight
 14583 | D:11     | Noticed a tengu warrior
 14583 | D:11     | Noticed a centaur warrior
 14583 | D:11     | Noticed a centaur warrior
 15085 | D:11     | Killed a centaur warrior
 15542 | D:12     | Reached XP level 13. HP: 65/102 MP: 13/13
 16128 | D:12     | Found a runed translucent gate.
 16128 | D:12     | Found a runed translucent gate.
 16128 | D:12     | Found a runed translucent gate.
 16129 | D:12     | Noticed Sun Gecaam's ghost (journeyman DEHW)
 16187 | D:12     | Found an iron altar of Okawaru.
 16836 | D:12     | Reached skill level 10 in Fighting
 16836 | D:12     | Reached skill level 13 in Axes
 16836 | D:12     | Reached *** piety under Wu Jian
 17349 | D:12     | Killed Sun Gecaam's ghost
 17350 | D:12     | Reached skill level 10 in Short Blades
 18089 | D:11     | Got the Cyclopedia of Air
 18260 | Lair:1   | Entered Level 1 of the Lair of Beasts
 18262 | Lair:1   | Noticed Gastronok
 18288 | Lair:1   | Killed Gastronok
 18289 | Lair:1   | Reached skill level 10 in Armour
 18637 | Lair:1   | Noticed Fannar
 18655 | Lair:1   | Killed Fannar
 19465 | Lair:2   | Reached XP level 14. HP: 111/111 MP: 14/14
 19465 | Lair:2   | Acquired a megaactuated ramjet {AutoDazzle, rF+ Will+}
 19604 | Lair:2   | Found a staircase to the Swamp.
 19621 | Lair:2   | Reached skill level 14 in Axes
 19900 | Lair:2   | Reached **** piety under Wu Jian
 19976 | Lair:2   | Reached skill level 5 in Evocations
 20410 | D:11     | Bought a steaming short sword for 264 gold pieces
 20410 | D:11     | Identified the +9 short sword "Zuig Wekh" {pain, *Corrode
                  | rPois Will+} (You bought it in a shop on level 11 of the
                  | Dungeon)
 20513 | D:9      | Killed an orc warlord
 20799 | Orc:1    | Found Zoole's Assorted Antiques.
 20948 | Orc:2    | Entered Level 2 of the Orcish Mines
 21697 | Orc:1    | Found Demout's Distillery.
 21710 | Orc:1    | Bought a potion of heal wounds for 75 gold pieces
 21755 | Orc:1    | Found Awutiyn's Antique Weapon Emporium.
 22110 | Orc:2    | Noticed an orc warlord
 22304 | Orc:1    | Killed an orc warlord
 22304 | Orc:1    | Reached ***** piety under Wu Jian
 23122 | Orc:2    | Found a roughly hewn altar of Beogh.
 23251 | Orc:2    | Found Mymidd's General Store.
 23272 | Orc:2    | Found Kyruh's Antique Armour Emporium.
 23288 | Orc:2    | Found Zeegru Ranix's Jewellery Emporium.
 23305 | Orc:2    | Found Ahethrafu's Antique Weapon Emporium.
 23373 | Orc:2    | Found a staircase to the Elven Halls.
 23552 | Orc:2    | Bought a scroll of teleportation for 36 gold pieces
 23552 | Orc:2    | Bought 2 potions of haste for 240 gold pieces
 23552 | Orc:2    | Bought a scroll of teleportation for 36 gold pieces
 23727 | Lair:3   | Found a staircase to the Snake Pit.
 24436 | Lair:4   | Noticed Urug
 24493 | Lair:4   | Killed Urug
 24757 | Lair:4   | Identified the +0 pair of gloves "Waklasipt" {rC+ Int+5}
 24827 | Lair:5   | Entered Level 5 of the Lair of Beasts
 24865 | Lair:4   | Noticed Kirke
 24881 | Lair:4   | Reached skill level 1 in Necromancy
 24883 | Lair:4   | Noticed a sphinx
 24884 | Lair:4   | Killed Kirke
 25197 | Lair:4   | Reached skill level 15 in Axes
 25463 | Lair:4   | Found a viscous altar of Jiyva.
 25463 | Lair:4   | Found a staircase to the Slime Pits.
 25498 | Lair:4   | Reached XP level 15. HP: 103/120 MP: 15/15
 26036 | Lair:4   | Slain by a skyshark

Illustrated notes

Levels and vault maps discovered:
D:1:      roderic_crop_circles_arrival_small, layout_loops_cross,
          minmay_tromino_mix6
D:2:      minmay_alternating_diamond, layout_basic, serial_shops,
          nicolae_shop_trees, nicolae_shop_tiny_real_fake_doors,
          minmay_misc_feat_square, uniq_natasha, uniq_sigmund
D:3:      layout_rooms, mainiacjoe_overflow_alcove_2, lightli_sewer_entry_pipes,
          ebering_ecumenical_altar_hall, kennysheep_flooded_box, uniq_robin
D:4:      layout_basic, mainiacjoe_overflow_paths, minmay_temple_entry_oklob,
          kennysheep_generic_room_12
D:5:      layout_rooms, palyth_temple_overflow_mages, minitemple,
          nicolae_uskayaw_murder_on_the_dancefloor,
          nicolae_twisty_statue_hallways
D:6:      lemuel_castle_with_subvaults [lemuel_castle_interior_carwin_1],
          layout_basic, mainiacjoe_overflow_cross_hatched, uniq_edmund
D:7:      layout_loops_ring, mainiacjoe_overflow_six_doors_small, bloody_trog,
          uniq_pikel
D:8:      layout_loops_corners, nicolae_wu_jian_glorious_leap,
          fedhas_ov_isle_minmay, hellmonk_lair_entry_icy, nicolae_eternal_life,
          guppyfry_shop_venom, uniq_jeremiah
D:9:      layout_basic, hiddenorc1_lemuel, serial_shops, shop, uniq_maurice
D:10:     layout_roguey, mainiacjoe_overflow_boulevard, eino_house_with_fridge,
          uniq_nergalle
D:11:     minmay_the_grid_triangle_9x9_rhombus_full
          [minmay_the_grid_triangle_9x9_zippers_horizontal,
          minmay_the_grid_triangle_9x9_stretched_checkered,
          minmay_the_grid_triangle_9x9_sparse_checkered,
          minmay_the_grid_triangle_9x9_sprig,
          minmay_the_grid_triangle_9x9_semitri,
          minmay_the_grid_triangle_9x9_impossible_snake,
          minmay_the_grid_triangle_9x9_flanged_cone,
          minmay_the_grid_triangle_9x9_prize_top_heavy], layout_stronghold,
          serial_shops, shop, shop, shop, shop, nicolae_shop_stone
D:12:     layout_basic, gammafunk_ghost_fury_of_okawaru
D:13:     layout_loops_ring
D:14:     cheibrodos_orc_bank, layout_grid_maze, grunt_vaults_entry_tiered,
          nicolae_dithmenos_the_darkroom
Temple:   nicolae_temple_two_arcs
Lair:1:   layout_hall_layers, gauntlet_entry_generic, uniq_gastronok,
          uniq_fannar
Lair:2:   layout_gridlike, skrybe_swamp_entry_bodies,
          nicolae_quartered_pool_super, grunt_forest_large_clearings,
          grunt_megastairs_2
Lair:3:   layout_regular_city, minmay_snake_entry_guardpost_small
Lair:4:   wad_woods_structure_01, layout_cave_shapes, dpeg_slime_entry_enclosed,
          ebering_ghost_reflecting_pool, uniq_kirke, uniq_urug
Lair:5:   gammafunk_lair_ancient_temple, layout_regular_city,
          gammafunk_ghost_grave, basic_altar, minivault_19, st_stairs_8,
          serial_bayou_pond_d
Orc:1:    layout_caves, serial_shops, nicolae_shop_trees, shop,
          nicolae_shop_getting_attention
Orc:2:    grunt_orc_cross, layout_caves

Skill      XL: |  1  2  3  4  5  6  7  8  9 10 11 12 13 14 15 |
---------------+----------------------------------------------+-----
Throwing       | 2 3 |  3.3
Dodging        | 3 4 |  4.3
Axes           | 4 5 6 7 9 10 11 12 13 15 | 15.4
Short Blades   | 1 2 3 4 6 7 8 9 10 | 10.9
Armour         | 1 2 4 5 6 7 9 10 11 | 11.0
Fighting       | 3 5 6 8 9 10 11 12 | 12.0
Evocations     | 1 4 7 |  7.6
Necromancy     | 1 2 |  2.6
Stealth        | |  0.1

Action                     |  1- 3 |  4- 6 |  7- 9 | 10-12 | 13-15 || total
---------------------------+-------+-------+-------+-------+-------++-------
  Melee: War axe           |    69 |    75 |   268 |   685 |   581 ||  1678
         Dagger            |    44 |       |       |       |       ||    44
         Rapier            |    24 |    73 |   269 |   680 |   724 ||  1770
         Broad axe         |       |       |       |       |   361 ||   361
         Short sword       |       |       |       |       |   203 ||   203
  Throw: Javelin           |       |     5 |       |     3 |       ||     8
         Throwing net      |       |       |     2 |       |       ||     2
         Dart              |       |       |       |    22 |     7 ||    29
Ability: Lunge             |       |       |       |    39 |    85 ||   124
         Wall Jump         |       |       |       |     5 |    83 ||    88
         Whirlwind         |       |       |       |     4 |    81 ||    85
         Invent Gizmo      |       |       |       |       |     1 ||     1
  Evoke: Wand              |       |       |     1 |     6 |     3 ||    10
         Condenser vane    |       |       |       |       |     1 ||     1
    Use: Scroll            |       |       |     5 |    21 |     5 ||    31
         Potion            |       |       |     3 |     7 |     3 ||    13
   Stab: Invisible         |       |       |       |       |     6 ||     6
 Armour: Leather armour    |    17 |       |       |       |       ||    17
         Chain mail        |    47 |    83 |   263 |   341 |       ||   734
         Ring mail         |     2 |       |       |       |       ||     2
         Plate armour      |       |       |       |   446 |   942 ||  1388
  Dodge: Dodged            |    34 |    35 |   117 |   270 |   287 ||   743

Table legend: (Time is in decaauts)
 A = Elapsed time spent in this place.
 B = Non-inter-level travel time spent in this place.
 C = Inter-level travel time spent in this place.
 D = Time resting spent in this place.
 E = Time spent auto-exploring this place.
 F = Levels seen in this place.
 G = Mean time per level.
                   A        B        C        D        E       F      G
               +--------+--------+--------+--------+--------+-----+--------+
         Total |  26062 |  25319 |    743 |   5671 |  11240 |  23 | 1133.1 |
       Dungeon |  18567 |  17935 |    632 |   4087 |   7911 |  14 | 1326.2 |
        Temple |     57 |     57 |      0 |      0 |      0 |   1 |   57.0 |
          Lair |   4379 |   4305 |     74 |    422 |   2599 |   5 |  875.8 |
  Orcish Mines |   2881 |   2846 |     35 |   1162 |    674 |   2 | 1440.5 |
         Sewer |    177 |    177 |      0 |      0 |     56 |   1 |  177.0 |
               +--------+--------+--------+--------+--------+-----+--------+

Top non-repeatable levels by time:
    D:11: 3884 daAuts
     D:6: 2052 daAuts
   Orc:1: 1960 daAuts
     D:8: 1892 daAuts
     D:9: 1645 daAuts
    D:12: 1631 daAuts
  Lair:4: 1348 daAuts
     D:4: 1292 daAuts
     D:5: 1262 daAuts
    D:10: 1117 daAuts
  Lair:2: 1115 daAuts
     D:7: 1043 daAuts
     D:2: 957 daAuts
  Lair:1: 953 daAuts
  Lair:3: 945 daAuts
